Match 47194547
Unlisted

Match 47194547
End
Construct Barracks
Riflemen Squad
Riflemen Squad
M1 Mortar Team
Mechanized Support Center
Grenade Package
Riflemen Squad
Construct Weapon Support Center
M3 Armored Personnel Carrier
Selects Heavy Weapons
Selects Assault Carriers
Selects Exchangeable Parts
Construct Motor Pool
Riflemen Squad
M1918 Browning Automatic Rifles
Construct Motor Pool
M1 Anti-tank Gun Team
M3 Assault Carrier
Tzeh
WilloDenzo
Norbert
Shooty1819
Tyracek
poe2 is
0
0

Comments sign in to comment!

No comments posted yet!